 Dungeon Crawl Stone Soup version 0.20-a0-924-gfa95efa (webtiles) character file.

473 Rrauwl the Shooter (level 7, -3/48 HPs)
             Began as a Barachi Arcane Marksman on Mar 27, 2017.
             Slain by a worker ant (6 damage)
             ... on level 5 of the Dungeon.
             The game lasted 00:17:12 (3082 turns).

Rrauwl the Shooter (Barachi Arcane Marksman)        Turns: 3082, Time: 00:17:13

Health: -3/48      AC:  6    Str: 13    XL:     7   Next: 10%
Magic:  8/8        EV:  9    Int: 13    God:
Gold:   175        SH:  0    Dex: 13    Spells: 2/8 levels left

rFire    . . .     SeeInvis .   a - +1 shortbow
rCold    . . .     Gourm    .   (shield currently unavailable)
rNeg     . . .     Faith    .   q - +0 scale mail
rPois    .         Spirit   .   (no helmet)
rElec    .         Reflect  .   (no cloak)
rCorr    .         Harm     +   (no gloves)
MR       .....                  (no boots)
Stlth    ..........             m - amulet of harm
Regen    0.2/turn               (no ring)
MPRegen  0.2/turn               (no ring)

@: can't hop, slow
A: +LOS, swims, slowness 1, strong legs 1
a: Hop


You were on level 5 of the Dungeon.
You were not hungry.

You visited 1 branch of the dungeon, and saw 5 of its levels.

You collected 175 gold pieces.

Inventory:

Hand Weapons
 a - a +1 shortbow (weapon)
Armour
 q - a +0 scale mail (worn)
Jewellery
 m - an amulet of harm (around neck)
Scrolls
 i - a scroll of teleportation
 j - a scroll of blinking
 p - a scroll of remove curse
 s - 2 scrolls of identify
Potions
 e - a potion of curing
 n - 3 potions of berserk rage
Books
 c - a book of Debilitation

   Spells                             Type                      Level
   a - Corona                         Hexes                        1
   b - Slow                           Hexes                        2
   c - Inner Flame                    Hexes/Fire                   3
   d - Portal Projectile              Hexes/Translocation          3
   e - Cause Fear                     Hexes                        4
   f - Leda's Liquefaction            Hexes/Earth                  4
 k - a book of Minor Magic

   Spells                             Type                      Level
   a - Magic Dart                     Conjuration                  1
   b - Blink                          Translocation                2
   c - Call Imp                       Summoning                    2
   d - Slow                           Hexes                        2
   e - Conjure Flame                  Conjuration/Fire             3
   f - Mephitic Cloud                 Conjuration/Poison/Air       3
Comestibles
 b - 6 royal jellies
 f - 4 bread rations
 h - 2 meat rations
 o - 2 fruits


   Skills:
 - Level 1.2 Fighting
 + Level 7.5 Bows
 - Level 2.1 Dodging
 - Level 1.1 Spellcasting
 - Level 3.2 Hexes


You had 2 spell levels left.
You knew the following spells:

 Your Spells              Type           Power        Failure   Level  Hunger
a - Corona                Hex            #......      38%         1    ##.....
b - Portal Projectile     Hex/Tloc       #.....       99%         3    ####...
c - Blink                 Tloc           N/A          99%         2    ###....


Dungeon Overview and Level Annotations

Branches:
Dungeon (5/15)
 Temple: D:4-7

Altars:

Annotations:
D:5 Ijyb


Innate Abilities, Weirdness & Mutations

Shadows flee at your approach. (+LOS)
You can swim through water.
You cover ground slowly.
You can hop short distances.


Message History

The orc wizard points at you and mumbles some strange words.
The magic dart hits you!
* * * LOW HITPOINT WARNING * * *
The orc wizard casts a spell at you. The puff of flame hits you!
* * * LOW HITPOINT WARNING * * *
The worker ant bites you but does no damage.
The orc barely misses you.
Found 10 gold pieces.
Firing (i - inventory): No suitable missiles.
Press: ? - help, Shift-Dir - straight line
Okay, then.
Hop to where?
Press: ? - help, Dir - move target cursor Boing!
The orc wizard points at you and mumbles some strange words.
The magic dart hits you!
* * * LOW HITPOINT WARNING * * *
The worker ant bites you.
You die...

....#......... ....
.............## #.......
#............. ........?
#............ .........
#...........### ##.......
#.$...........# ....#..##
#...........#.# .........
#............#..........
#......@.....#..........
#.......a....#..........
#......oo....#.########.
#......Z.....#..........
#........o...#..o.......
#..........o.#..........
#............o...o......
#.......................
..................###....


You could see a worker ant, an orc wizard, 4 orcs and an adder skeleton.

Vanquished Creatures
  The ghost of emsyzz the Firebug, an amateur DEFE (D:4)
  A phantom (D:4)
  A hound (D:4)
  2 worker ants (D:4)
  8 gnolls
  4 adders
  5 worms
  2 dart slugs
  4 leopard geckos
  2 orcs
  5 giant cockroaches
  7 goblins
  4 hobgoblins
  2 jackals (D:1)
  A quokka (D:3)
  8 bats
  5 frilled lizards
  8 kobolds
  8 rats
78 creatures vanquished.

Vanquished Creatures (others)
  A goblin (D:3)
1 creature vanquished.

Grand Total: 79 creatures vanquished

Notes
Turn   | Place    | Note
-------+----------+-------------------------------------------
     0 | D:1      | Rrauwl the Barachi Arcane Marksman began the quest for the Orb.
     0 | D:1      | Reached XP level 1. HP: 15/15 MP: 2/2
   195 | D:1      | Reached XP level 2. HP: 21/21 MP: 3/3
   340 | D:1      | Reached skill level 3 in Bows
   545 | D:1      | Reached XP level 3. HP: 21/26 MP: 4/4
   887 | D:2      | Reached skill level 4 in Bows
   887 | D:2      | Reached XP level 4. HP: 20/32 MP: 5/5
   940 | D:2      | Found a faded altar of an unknown god.
  1372 | D:2      | Reached skill level 5 in Bows
  1372 | D:2      | Reached XP level 5. HP: 32/37 MP: 6/6
  1562 | D:2      | Learned a level 3 spell: Portal Projectile
  2261 | D:3      | Learned a level 2 spell: Blink
  2385 | D:4      | Reached skill level 6 in Bows
  2385 | D:4      | Reached XP level 6. HP: 43/43 MP: 7/7
  2469 | D:4      | Noticed emsyzz's ghost (amateur DEFE)
  2568 | D:4      | Killed emsyzz's ghost
  2759 | D:4      | Noticed a phantom
  2778 | D:4      | Killed a phantom
  2778 | D:4      | Reached skill level 7 in Bows
  2793 | D:4      | Reached XP level 7. HP: 48/48 MP: 8/8
  2848 | D:5      | Entered Level 5 of the Dungeon
  2848 | D:5      | Noticed Ijyb
  3081 | D:5      | HP: 2/48 [orc wizard/magic dart (3)]
  3082 | D:5      | Slain by a worker ant

Vault maps used:
D:1:      grunt_arrival_lava_bath
D:2:      chequers_ecumenical_altar_island, first_bread, minmay_splitting_lines,
          hangedman_decor_growths
D:4:      minmay_misc_feat_tiny
D:5:      kennysheep_generic_room_12, uniq_iyjb

Skill      XL: |  1  2  3  4  5  6 |
---------------+-------------------+-----
Bows           | 3 4 5 6 7 |  7.5
Fighting       | |  1.2
Dodging        | |  2.1
Spellcasting   | |  1.1
Hexes          | |  3.2

Action                   |  1- 3 |  4- 6 |  7- 9 || total
-------------------------+-------+-------+-------++-------
 Fire: Shortbow          |    90 |   184 |    10 ||   284
 Cast: Corona            |       |     1 |       ||     1
 Abil: Hop               |     1 |     3 |     2 ||     6
  Use: Potion            |     2 |     3 |       ||     5
       Scroll            |       |     7 |     2 ||     9
  Eat: Chunk             |       |     7 |       ||     7
       Fruit             |       |       |     2 ||     2
Armor: Robe              |     5 |       |       ||     5
       Scale mail        |     2 |    24 |    14 ||    40
Dodge: Dodged            |    13 |    31 |    11 ||    55
